 Dungeon Crawl Stone Soup version 0.20-a0-492-g6327889 (webtiles) character file.

17382 RogueShenanigans the Covert (level 12, -3/56 HPs)
             Began as a Spriggan Enchanter on Jan 14, 2017.
             Was an Initiate of Gozag.
             Slain by a salamander
             ... wielding a +4 glaive of holy wrath
              (10 damage)
             ... in a volcano on Jan 15, 2017.
             The game lasted 00:44:44 (12243 turns).

RogueShenanigans the Covert (Spriggan Enchanter)   Turns: 12243, Time: 00:44:44

Health: -3/56      AC:  6    Str:  4    XL:     12   Next: 18%
Magic:  26/36      EV: 27    Int: 21    God:    Gozag
Gold:   1754       SH:  0    Dex: 17    Spells: 20/32 levels left

rFire    . . .     SeeInvis +   P - +2 dagger (chaos)
rCold    . . .     Gourm    .   u - +2 robe of Vines {NoPotionHeal Regen+7}
rNeg     . . .     Faith    .   (shield restricted)
rPois    .         Spirit   .   d - +2 hat
rElec    .         Reflect  .   (no cloak)
rCorr    .         Harm     .   (gloves unavailable)
MR       ++...                  (boots unavailable)
Stlth    ++++++....             (no amulet)
Regen    2.9/turn               H - ring of wizardry
                                j - ring of magical power

@: gold aura, very quick
A: unfitting armour, see invisible, herbivore 3, speed 3, slow metabolism 2
a: Potion Petition, Call Merchant, Bribe Branch, Renounce Religion


You were in a volcano.
You worshipped Gozag.
Gozag was most pleased with you.
You were not hungry.

You visited 3 branches of the dungeon, and saw 12 of its levels.
You also visited: Ossuary and Volcano.

You collected 2107 gold pieces.
You spent 230 gold pieces at shops.
You paid 123 gold pieces to Gozag.

Inventory:

Hand Weapons
 a - a +1 dagger
 s - a +5 quick blade
 P - a +2 dagger of chaos (weapon)
Armour
 b - a +1 robe
 d - a +2 hat (worn)
 u - the +2 robe of Vines (worn) {NoPotionHeal Regen+7}
   (You bought it in a shop on level 4 of the Dungeon)

   It increases your rate of regeneration.
 x - the +1 robe of the Pits of Slime {MR+ rCorr Dex+4}
   (You found it on level 4 of the Dungeon)

   It affects your dexterity (+4).
   It affects your resistance to hostile enchantments.
   It protects you from acid and corrosion.
Jewellery
 j - a ring of magical power (left hand)
 w - an uncursed amulet of guardian spirit
 B - an uncursed amulet of faith
 H - a ring of wizardry (right hand)
 U - an uncursed amulet of rage
Wands
 r - a wand of iceblast (8/15)
 y - a wand of clouds (1/9)
 C - a wand of flame (7/48)
 D - a wand of random effects (14/48)
 E - a wand of polymorph (13/24)
 F - a wand of clouds (4/9)
 R - a wand of paralysis (14/24)
 S - a wand of iceblast (9/15)
 T - a wand of enslavement (5/24)
Scrolls
 e - a scroll of amnesia
 f - 2 scrolls of fog
 h - 11 scrolls of remove curse
 q - 2 scrolls of blinking
 t - 6 scrolls of teleportation
 z - 2 scrolls of enchant armour
Potions
 g - 5 potions of brilliance
 i - 4 potions of curing
 m - a potion of might
 n - 5 potions of haste
 o - 2 potions of degeneration
 v - 2 potions of resistance
 A - a potion of ambrosia {unknown}
 G - 2 potions of agility
 I - a potion of invisibility {unknown}
 J - 3 potions of heal wounds
 K - a potion of cure mutation
 M - a potion of mutation {unknown}
 O - a potion of cancellation {unknown}
Books
 c - a book of Maledictions

   Spells                             Type                      Level
   a - Corona                         Hexes                        1
   b - Ensorcelled Hibernation        Hexes/Ice                    2
   c - Confuse                        Hexes                        3
   d - Tukima's Dance                 Hexes                        3
   e - Dazzling Spray                 Conjuration/Hexes            3
 L - a book of Debilitation

   Spells                             Type                      Level
   a - Corona                         Hexes                        1
   b - Slow                           Hexes                        2
   c - Gell's Gravitas                Hexes/Translocation          3
   d - Inner Flame                    Hexes/Fire                   3
   e - Cause Fear                     Hexes                        4
   f - Leda's Liquefaction            Hexes/Earth                  4
 Q - a book of Changes

   Spells                             Type                      Level
   a - Beastly Appendage              Transmutation                1
   b - Sticks to Snakes               Transmutation                2
   c - Spider Form                    Transmutation/Poison         3
   d - Ice Form                       Ice/Transmutation            4
   e - Blade Hands                    Transmutation                5
Comestibles
 k - 4 fruits
 p - 9 bread rations
 N - a slice of pizza


   Skills:
 + Level 3.1 Fighting
 - Level 10.0 Short Blades
 + Level 11.7 Dodging
 + Level 14.9 Stealth
 - Level 10.8 Spellcasting
 + Level 9.8 Hexes
 + Level 2.7 Ice Magic


You had 20 spell levels left.
You knew the following spells:

 Your Spells              Type           Power        Failure   Level  Hunger
a - Corona                Hex            ######.      1%          1    None
b - Ensorcelled Hibernat  Hex/Ice        #####.       1%          2    None
c - Confuse               Hex            ######..     1%          3    None
d - Tukima's Dance        Hex            ######..     1%          3    None
e - Dazzling Spray        Conj/Hex       ####..       1%          3    None


Dungeon Overview and Level Annotations

Branches:
Dungeon (10/15)            Temple (1/1) D:5            Lair (1/6) D:9
    Orc: D:9-12

Altars:
Ashenzari
Cheibriados
Dithmenos
Elyvilon
Fedhas
Gozag
Hepliaklqana
Kikubaaqudgha
Makhleb
Nemelex Xobeh
Okawaru
Qazlal
Ru
Sif Muna
Trog
Uskayaw
Vehumet
Xom
Yredelemnul
Zin
The Shining One

Shops:
D:4 [


Innate Abilities, Weirdness & Mutations

You are very small and have problems with some larger weapons.
You are too small for most types of armour.
You have supernaturally acute eyesight. (SInv)
You are a herbivore.
You cover ground extremely quickly.
You need consume almost no food.


Message History

The salamander completely misses you.
Casting: Ensorcelled Hibernation
Confirm with . or Enter, or press ? or * to list all spells.
Aiming: Ensorcelled Hibernation
Press: ? - help, Shift-Dir - straight line, f/p - salamander
Aim: a salamander, wielding a glaive of holy wrath (chance to defeat MR: 48%)
The salamander resists with some effort.
The salamander hits you from afar with a glaive of holy wrath!
You are engulfed in flames!
Casting: Ensorcelled Hibernation
Confirm with . or Enter, or press ? or * to list all spells.
Aiming: Ensorcelled Hibernation
Press: ? - help, Shift-Dir - straight line, f/p - salamander
Aim: a salamander, wielding a glaive of holy wrath (chance to defeat MR: 48%)
The salamander resists with some effort.
The salamander hits you from afar with a glaive of holy wrath!
* * * LOW HITPOINT WARNING * * *
You are engulfed in flames!
You die...
Your body crumbles into a pile of gold.

########## #...##...#
##...N$@_.# #....##...#
#....)##### ###
#..##..## ##.###
#..#'#(.## ####..§..
#..#)##..## ####.....≈≈≈
#$N#/)##..###8...§§≈≈§≈≈
#..8# #∩.'..)..§.§≈§§§≈
#..#[!##..###8...§≈§≈§§≈


You could see a salamander.

Vanquished Creatures
  A red draconian (Volcano)
  Snorg (D:10)
  3 two-headed ogres
  Nergalle (D:10)
  A salamander mystic (Volcano)
  4 salamanders (Volcano)
  A manticore (D:10)
  Maurice (D:10)
  Psyche (D:8)
  Joseph (D:7)
  A spiny frog (Lair:1)
  A komodo dragon (Lair:1)
  A troll (D:10)
  2 hornets
  Prince Ribbit (D:7)
  3 blink frogs (Lair:1)
  A spriggan (D:8)
  10 yaks
  5 fire bats (Volcano)
  A wyvern (D:10)
  A steam dragon (D:5)
  A water moccasin (Lair:1)
  2 porcupines (Lair:1)
  A sky beast (D:10)
  2 ice beasts
  3 orc warriors (D:7)
  A black bear (D:9)
  3 necrophages
  An ogre (D:7)
  6 centaurs
  2 phantoms
  5 crocodiles (Lair:1)
  2 big kobolds
  5 bullfrogs
  A wyvern zombie (D:9)
  4 scorpions
  9 killer bees
  A howler monkey (D:4)
  4 crimson imps
  8 lava snakes (Volcano)
  5 hounds
  7 orc wizards
  7 orc priests
  Crazy Yiuf (D:7)
  A gnoll shaman (D:7)
  3 jellies
  A bullfrog skeleton (D:7)
  2 iguanas
  10 worker ants
  2 big kobold zombies (Ossuary)
  8 mummies (Ossuary)
  10 gnolls
  2 howler monkey skeletons
  17 adders
  A shadow imp (D:9)
  An ooze (D:4)
  An adder zombie (D:5)
  5 worms
  10 dart slugs (D:3)
  5 leopard geckos
  29 orcs
  A ball python (D:4)
  6 giant cockroaches
  4 gnoll zombies (Ossuary)
  13 goblins
  7 hobgoblins
  10 jackals
  3 quokkas
  5 bats
  7 frilled lizards
  A hobgoblin zombie (Ossuary)
  2 jackal skeletons (D:4)
  17 kobolds
  A kobold zombie (Ossuary)
  2 leopard gecko skeletons
  A quokka skeleton (D:7)
  7 rats
318 creatures vanquished.

Vanquished Creatures (collateral kills)
  2 orcs (D:7)
2 creatures vanquished.

Vanquished Creatures (others)
  An orc wizard (D:10)
  An orc (D:5)
2 creatures vanquished.

Grand Total: 322 creatures vanquished

Notes
Turn   | Place    | Note
-------+----------+-------------------------------------------
     0 | D:1      | RogueShenanigans the Spriggan Enchanter began the quest for the Orb.
     0 | D:1      | Reached XP level 1. HP: 9/9 MP: 5/5
   273 | D:1      | Reached XP level 2. HP: 7/13 MP: 6/6
   329 | D:1      | Learned a level 2 spell: Ensorcelled Hibernation
  1645 | D:2      | Reached XP level 3. HP: 16/16 MP: 3/8
  1651 | D:2      | Reached skill level 5 in Stealth
  1656 | D:2      | Learned a level 3 spell: Confuse
  1740 | D:2      | Found an iron altar of Okawaru.
  1939 | D:2      | Reached XP level 4. HP: 21/21 MP: 10/10
  2244 | D:2      | Learned a level 3 spell: Tukima's Dance
  2916 | D:2      | Found a blossoming altar of Fedhas.
  2919 | D:2      | Found a hide-covered altar of Uskayaw.
  3159 | D:3      | Reached XP level 5. HP: 21/24 MP: 2/12
  3699 | D:3      | Reached skill level 5 in Spellcasting
  3975 | D:3      | Learned a level 3 spell: Dazzling Spray
  4086 | D:2      | Found a glowing golden altar of the Shining One.
  4086 | D:2      | Found a radiant altar of Vehumet.
  4086 | D:2      | Found a deep blue altar of Sif Muna.
  4441 | D:3      | Reached skill level 5 in Hexes
  4441 | D:3      | Reached XP level 6. HP: 21/28 MP: 14/14
  4586 | D:4      | Reached skill level 6 in Stealth
  4915 | D:4      | Found Mudumn's Armour Shoppe.
  4926 | D:4      | Bought the +2 robe of Vines {NoPotionHeal Regen+7} for 230 gold pieces
  5017 | D:4      | Got a sheer robe
  5047 | D:4      | Reached XP level 7. HP: 32/32 MP: 17/17
  5065 | D:4      | Identified the +1 robe of the Pits of Slime {MR+ rCorr Dex+4} (You found it on level 4 of the Dungeon)
  5114 | D:5      | Entered Level 5 of the Dungeon
  5145 | D:5      | Reached skill level 7 in Stealth
  5224 | D:5      | Noticed a steam dragon
  5246 | D:5      | Killed a steam dragon
  5612 | D:5      | Reached XP level 8. HP: 36/36 MP: 20/20
  5675 | D:5      | Found a staircase to the Ecumenical Temple.
  5685 | Temple   | Entered the Ecumenical Temple
  6007 | D:5      | Reached skill level 5 in Short Blades
  6203 | D:5      | Reached skill level 8 in Stealth
  6650 | Temple   | Became a worshipper of Gozag Ym Sagoz the Greedy
  6734 | D:6      | Found a snail-covered altar of Cheibriados.
  6872 | D:6      | Found a bloodstained altar of Trog.
  6975 | D:7      | Noticed Joseph
  6982 | D:7      | Killed Joseph
  7010 | D:7      | Reached XP level 9. HP: 39/39 MP: 23/23
  7057 | D:7      | Reached skill level 9 in Stealth
  7099 | D:7      | Paralysed by a hornet for 1 turns
  7462 | D:7      | Noticed Prince Ribbit
  7469 | D:7      | Killed Prince Ribbit
  7469 | D:7      | Reached skill level 10 in Spellcasting
  7590 | D:7      | Found a runed door.
  8060 | D:7      | Noticed Crazy Yiuf
  8064 | D:7      | Killed Crazy Yiuf
  8159 | D:8      | Reached skill level 10 in Stealth
  8757 | D:8      | Reached XP level 10. HP: 44/44 MP: 25/25
  8781 | D:8      | Found a sand-covered staircase.
  8810 | Ossuary  | Entered an ossuary
  8838 | Ossuary  | Reached skill level 5 in Dodging
  9635 | D:8      | Noticed a two-headed ogre
  9649 | D:8      | Killed a two-headed ogre
  9649 | D:8      | Reached skill level 11 in Stealth
  9667 | D:8      | Noticed Psyche
  9677 | D:8      | Killed Psyche
  9743 | D:8      | Identified a scroll of acquirement
  9869 | D:9      | Noticed a two-headed ogre
  9876 | D:9      | Killed a two-headed ogre
  9876 | D:9      | Reached skill level 12 in Stealth
 10091 | D:9      | Found a staircase to the Lair.
 10490 | D:10     | Entered Level 10 of the Dungeon
 10494 | D:10     | Noticed Nergalle
 10497 | D:10     | Killed Nergalle
 10497 | D:10     | Reached XP level 11. HP: 47/47 MP: 26/26
 10513 | D:10     | Noticed a two-headed ogre
 10530 | D:10     | Killed a two-headed ogre
 10530 | D:10     | Reached skill level 13 in Stealth
 10645 | D:10     | Noticed Maurice
 10658 | D:10     | Killed Maurice
 10768 | D:10     | Reached skill level 10 in Dodging
 10787 | D:10     | Noticed Snorg
 10876 | D:10     | Killed Snorg
 10972 | D:10     | Reached skill level 10 in Short Blades
 11009 | D:10     | Reached skill level 14 in Stealth
 11122 | Lair:1   | Entered Level 1 of the Lair of Beasts
 11125 | D:9      | Upgraded the game from 0.20-a0-472-g5c05303 to 0.20-a0-492-g6327889
 11184 | Lair:1   | Reached skill level 1 in Ice Magic
 11254 | Lair:1   | Reached skill level 1 in Fighting
 11587 | Lair:1   | Found a dark tunnel.
 11652 | Volcano  | Entered a volcano
 12001 | Volcano  | Noticed a salamander mystic
 12019 | Volcano  | Killed a salamander mystic
 12019 | Volcano  | Reached XP level 12. HP: 56/56 MP: 7/27
 12066 | Volcano  | Found a bloodstained altar of Trog.
 12147 | Volcano  | Noticed a red draconian
 12240 | Volcano  | Killed a red draconian
 12243 | Volcano  | Slain by a salamander

Vault maps used:
D:1:      sevenhm_arrival_forest_fort_small_6, minmay_misc_feat_x, moated_statue
D:2:      kb_forest_paths, nicolae_overflow_hidden_temple,
          okawaru_altar_gauntlet_db
D:3:      kennysheep_slugbush
D:4:      minmay_opposing_rooms, first_bread, serial_shops, shop,
          hangedman_minor_gate_pass
D:5:      serial_bayou_ford_a
D:6:      marbit_many_paths, serial_glass, glass_columns_a, glass_columns_a,
          glass_columns_a, glass_columns_b, glass_columns_a, glass_columns_a,
          cheibrodos_worm_habitat
D:7:      uniq_joseph, uniq_crazy_yiuf_cottage, uniq_prince_ribbit1
D:8:      enter_ossuary_1, the_bakery, minmay_checkerbox, uniq_psyche
D:9:      lair_entry_dummy
D:10:     uniq_nergalle, uniq_snorg, uniq_maurice
Temple:   nicolae_temple_no_exploring_needed
Lair:1:   lightli_volcano_entry_magma_tube, beast_lair_carwin_11
Ossuary:  ossuary_tomb_3
Volcano:  volcano_grotto

Skill      XL: |  1  2  3  4  5  6  7  8  9 10 11 12 |
---------------+-------------------------------------+-----
Hexes          | 4 5 6 7 8 9 |  9.8
Spellcasting   | 3 4 5 6 7 9 10 | 10.8
Stealth        | 5 6 7 8 10 12 14 | 14.9
Short Blades   | 2 3 4 5 7 9 10 | 10.0
Dodging        | 4 9 11 | 11.7
Ice Magic      | 2 |  2.7
Fighting       | 2 3 |  3.1

Action                   |  1- 3 |  4- 6 |  7- 9 | 10-12 || total
-------------------------+-------+-------+-------+-------++-------
Melee: Dagger            |   151 |   302 |   244 |   335 ||  1032
 Cast: Ensorcelled Hiber |    18 |    58 |   109 |   109 ||   294
       Confuse           |     2 |     3 |    26 |    40 ||    71
       Corona            |       |     2 |       |       ||     2
       Tukima's Dance    |       |       |     4 |       ||     4
       Dazzling Spray    |       |       |     2 |    10 ||    12
  Use: Scroll            |       |     7 |     8 |    10 ||    25
 Stab: Sleeping          |    13 |    52 |    76 |    70 ||   211
       Distracted        |     1 |       |     1 |     2 ||     4
       Confused          |     1 |     1 |    13 |    22 ||    37
       Paralysed         |       |       |       |     2 ||     2
       Invisible         |       |       |       |     3 ||     3
  Eat: Bread ration      |       |     1 |     1 |       ||     2
Armor: Robe              |    13 |    37 |    28 |    25 ||   103
Dodge: Dodged            |   138 |   233 |   186 |   261 ||   818
